Map: Old Republic LE

Players

ShoWTimE

  • Race: Protoss Protoss
  • League: Master
  • Spawn Location: 1:00

LiquidClem (Clem) - Winner!

  • Race: Terran Terran
  • League: Grandmaster
  • Spawn Location: 7:00

VOD

Have the link to the VOD?

Description

Time

  • Played on: Feb. 1, 2026, 1:41 p.m.
  • Length: 8:34
Show
View Real Time Build Order
Export as new Build Order

ShoWTimE Protoss 

Build Orders: 1 Gate Expand, Blink Stalkers, Dark Templar Rush 

Get SALT Encoding   

  12  0:00  Probe  
  13  0:12  Probe  
  14  0:16  Pylon  
  14  0:24  Probe  
  15  0:28  Assimilator  
  15  0:34  Probe  
  15  0:41  Gateway  
  15  0:42  Probe  
  17  0:50  Probe  
  18  1:03  Probe  
  19  1:18  Nexus  
  19  1:28  Cybernetics Core  
  19  1:31  Probe  
  20  1:36  Assimilator  
  20  1:43  Probe  
  20  1:46  Pylon  
  21  1:52  Stalker  
  21  1:55  Probe  
  22  2:04  Warp Gate  
  22  2:07  Probe  
  25  2:17  Twilight Council  
  25  2:19  Probe  
  26  2:23  Adept  
  26  2:27  Probe  
  28  2:32  Probe  
  28  2:35  Probe  
  30  2:44  Probe x2  
  33  2:53  Dark Shrine  
  33  2:56  Probe  
  33  2:57  Pylon  
  34  3:00  Stalker  
  36  3:06  Probe  
  36  3:08  Blink, Probe  
  38  3:15  Gateway  
  38  3:18  Probe  
  39  3:20  Probe  
  39  3:27  Gateway  
  40  3:30  Probe  
  40  3:32  Probe  
  42  3:40  Assimilator  
  42  3:42  Probe  
  42  3:44  Probe  
  44  3:48  Pylon  
  44  3:54  Probe  
  45  3:57  Probe  
  45  4:00  Pylon  
  46  4:05  Dark Templar  
  46  4:06  Probe  
  46  4:09  Probe  
  50  4:10  Dark Templar  
  52  4:20  Stalker  
  54  4:25  Shield Battery  
  54  4:30  Probe  
  54  4:31  Shield Battery  
  55  4:32  Robotics Facility  
  55  4:34  Probe  
  54  4:43  Stalker x2  
  54  4:44  Probe  
  59  4:49  Stalker  
  59  4:56  Nexus  
  59  4:58  Probe  
  60  5:02  Pylon  
  60  5:03  Probe  
  61  5:09  Stalker  
  63  5:15  Observer, Stalker  
  63  5:16  Probe x2  
  68  5:23  Pylon, Stalker  
  68  5:28  Probe x2  
  71  5:30  Observer  
  71  5:31  Observer  
  73  5:37  Charge, Forge  
  73  5:39  Gateway  
  73  5:40  Probe x2  
  75  5:52  Probe x2  
  75  5:57  Gateway  
  75  5:58  Protoss Ground Weapons Level 1  
  75  5:59  Gateway  
  75  6:01  Observer  
  75  6:02  Gateway  
  76  6:04  Probe  
  76  6:05  Gateway  
  76  6:09  Probe  
  78  6:14  Sentry  
  78  6:16  Probe  
  78  6:17  Shield Battery, Probe  
  82  6:19  Assimilator  
  82  6:25  Pylon  
  81  6:33  Pylon  
  81  6:37  Zealot x3  
  81  6:39  Robotics Bay  
  87  6:42  Stalker  
  89  6:48  Probe  
  88  6:54  Sentry  
  88  6:55  Zealot  
  88  6:58  Pylon  
  92  7:01  Zealot x5  
  92  7:03  Probe  
  92  7:05  Pylon  
  103  7:13  Zealot  
  87  7:17  Zealot  
  87  7:21  Stalker  
  79  7:24  Zealot x5  
  74  7:37  Stalker x2  
  62  7:45  Stalker x5  
  60  8:02  Zealot x2  
  48  8:05  Zealot  
  48  8:09  Zealot x4  
  48  8:11  Probe x2  
  38  8:26  Zealot  
Show
View Real Time Build Order
Export as new Build Order

LiquidClem Terran - Winner!

Build Orders: Cyclone Opening 

Get SALT Encoding   

  12  0:00  SCV  
  13  0:12  SCV  
  14  0:16  Supply Depot  
  14  0:24  SCV  
  15  0:38  SCV  
  15  0:39  Barracks  
  15  0:42  Refinery  
  16  0:50  SCV  
  17  1:02  SCV  
  18  1:14  SCV  
  19  1:26  Orbital Command  
  19  1:33  Command Center  
  19  1:36  Marine  
  20  1:47  Factory  
  20  1:52  SCV  
  21  1:56  Barracks Tech Lab  
  21  2:02  Supply Depot  
  21  2:04  SCV  
  22  2:11  Refinery  
  22  2:16  SCV  
  23  2:24  Marine  
  23  2:28  SCV  
  25  2:38  Cyclone  
  25  2:41  SCV  
  25  2:43  Marine  
  30  2:47  Orbital Command  
  30  2:52  Starport  
  30  2:53  SCV  
  31  3:01  Barracks Tech Lab  
  31  3:02  Supply Depot  
  31  3:05  SCV  
  32  3:12  SCV  
  33  3:16  Supply Depot  
  33  3:17  SCV  
  34  3:24  SCV  
  35  3:29  Marine, SCV  
  35  3:31  Barracks  
  35  3:33  Cloaking Field  
  37  3:34  Banshee  
  37  3:38  SCV  
  41  3:41  SCV  
  41  3:45  Bunker  
  41  3:47  Barracks Reactor  
  42  3:50  SCV  
  42  3:53  SCV  
  44  3:55  Refinery  
  44  4:02  SCV, Supply Depot  
  45  4:05  SCV  
  45  4:07  Barracks  
  46  4:14  SCV  
  47  4:18  SCV  
  47  4:23  Engineering Bay  
  51  4:26  SCV  
  51  4:27  Marine  
  51  4:30  SCV  
  54  4:36  Raven  
  54  4:38  SCV, Marine  
  48  4:42  Marine, SCV  
  51  4:50  Terran Infantry Weapons Level 1, SCV  
  51  4:51  Stimpack  
  52  4:54  SCV  
  52  4:55  Supply Depot  
  52  4:56  Marine  
  54  5:00  Marine  
  54  5:01  Marine  
  54  5:06  SCV x2  
  58  5:15  Marine  
  58  5:18  SCV  
  58  5:19  Combat Shield  
  58  5:20  Marauder  
  62  5:24  Supply Depot, Starport Reactor  
  64  5:28  Factory Reactor  
  64  5:32  Marine, SCV  
  66  5:36  Supply Depot  
  66  5:37  Marine  
  66  5:38  SCV  
  66  5:42  Reaper  
  67  5:43  Marauder  
  67  5:49  Marine  
  69  5:50  Refinery  
  69  5:52  SCV x2  
  69  5:55  Marine  
  73  5:58  Supply Depot  
  73  6:00  Medivac x2  
  77  6:05  Marauder  
  77  6:06  Widow Mine x2  
  77  6:07  Marine  
  84  6:12  Marine  
  84  6:14  Marauder  
  84  6:15  Supply Depot, Missile Turret  
  87  6:25  Marine  
  87  6:26  Marauder  
  87  6:30  Marine  
  87  6:31  Concussive Shells  
  87  6:32  Supply Depot  
  91  6:33  Widow Mine x2  
  91  6:34  Medivac  
  97  6:40  Medivac  
  97  6:41  Marauder  
  97  6:43  Marine  
  97  6:45  SCV x2  
  100  6:48  Marine  
  98  6:58  Widow Mine  
  100  7:07  Marine x2  
  102  7:12  Marauder  
  100  7:18  Widow Mine  
  96  7:23  Marauder  
  94  7:33  Marine x2  
  94  7:34  Marauder  
  94  7:36  Medivac  
  96  7:42  Widow Mine  
  93  7:47  Marauder  
  89  7:56  Marine  
  89  7:57  Supply Depot  
  88  8:04  Marine  
  79  8:06  Marauder  
  71  8:14  Marine  
Tags
 
Add a new tag
Caveats
  • Supply blocks, unpowered buildings, or Contaminate may cause inaccurate times.
  • Supply counts are checked every 10 seconds.